 Dungeon Crawl Stone Soup version 0.30.0-20-g3615ddf2f0 (webtiles) character file.

Game seed: 14600831600197715330

208868 qw the Peltast (level 18, -10/123 HPs)
             Began as a Gargoyle Fighter on June 1, 2023.
             Was a High Priest of Okawaru.
             Mangled by a vault warden
             ... wielding a +1 vampiric glaive
              (35 damage)
             ... on level 1 of the Vaults.
             The game lasted 00:18:42 (33319 turns).

qw the Peltast (Gargoyle Fighter)                  Turns: 33319, Time: 00:18:43

Health: -10/123    AC: 45    Str: 33    XL:     18   Next: 80%
Magic:  24/25      EV: 21    Int: 14    God:    Okawaru [*****.]
Gold:   850        SH: 21    Dex:  6    Spells: 17/17 levels left

rFire   + + .        a - +9 war axe of the Wraith {flame, rN+ Will+ Str+2 Dex-2}
rCold   . . .        z - +0 tower shield
rNeg    + + .        E - +4 chain mail of the Cockatrice {Str+5 Slay-2}
rPois   inf          H - +2 helmet of Youthful Indiscretion {+Blink rF++ Stlth-}
rElec   +            G - +0 cloak
rCorr   .            i - +0 pair of gloves
SInv    .            v - +2 pair of boots
Will    +++..        J - amulet of faith Stlth
                     t - +5 ring of evasion
HPRegen 0.40/turn    I - +5 ring of evasion
MPRegen 0.19/turn

%: faith
@: about to teleport, heroic, flying
A: sickness immunity, AC +13, big wings, negative energy resistance 1,
electricity resistance, torment resistance 1, petrification resistance,
iridescent scales 1, clever 1, strong-willed 1
}: 1/15 runes: decaying
a: Renounce Religion, Evoke Blink, Heroism, Finesse, Duel


You were on level 1 of the Vaults.
You worshipped Okawaru.
Okawaru was extremely pleased with you.
You visited 6 branches of the dungeon, and saw 30 of its levels.

You collected 3128 gold pieces.
You spent 2278 gold pieces at shops.


Innate Abilities, Weirdness & Mutations

You are immune to sickness and miasma.
Your stone body is resilient. (AC +13)
You are immune to poison.
Your large and strong wings let you fly.
You resist negative energy. (rN+)
You are resistant to electric shocks. (rElec)
You are resistant to unholy torment.
You are immune to petrification.
You are partially covered in iridescent scales. (AC +2)
Your mind is acute. (Int +4, Str/Dex -1)
You are strong-willed. (Will+)


   Skills:
 - Level 17.0(22.0) Fighting
 - Level 16.0(21.0) Axes
 + Level 7.7(12.7) Throwing
 - Level 14.0(19.0) Armour
 - Level 3.1(8.1) Dodging
 - Level 19.2(24.2) Shields
 - Level 10.0 Invocations


You had 17 spell levels left.
You didn't know any spells.
Your spell library was empty.

Inventory:

Hand Weapons
 a - the +9 war axe of the Wraith (weapon) {flame, rN+ Will+ Str+2 Dex-2}
   (Okawaru gifted it to you on level 2 of the Swamp)

   Str:       It affects your strength (+2).
   Dex:       It affects your dexterity (-2).
   rN:        It protects you from negative energy.
   Will:      It increases your willpower.
 g - a +3 spectral war axe
Missiles
 o - 13 boomerangs
 y - 2 javelins (quivered)
Armour
 i - a +0 pair of gloves (worn)
 r - the +3 hat of Pondering {ponderous, Will+ MP+10 Int+5}
   (You took it off Gastronok on level 1 of the Lair of Beasts)

   Int:       It affects your intelligence (+5).
   MP:        It affects your magic capacity (+10).
   Will:      It increases your willpower.
 v - a +2 pair of boots (worn)
 z - a +0 tower shield (worn)
 E - the +4 chain mail of the Cockatrice (worn) {Str+5 Slay-2}
   (You found it on level 15 of the Dungeon)

   Str:       It affects your strength (+5).
   Slay:      It affects your accuracy & damage with ranged weapons and melee
   (-2).
 F - a +3 chain mail of fire resistance
 G - a +0 cloak (worn)
 H - the +2 helmet of Youthful Indiscretion (worn) {+Blink rF++ Stlth-}
   (You bought it in a shop on level 2 of the Orcish Mines)

   rF:        It greatly protects you from fire.
   +Blink:    It lets you blink.
   Stlth:     It makes you less stealthy.
Jewellery
 e - a ring of ice
 j - a ring of resist corrosion
 t - a +5 ring of evasion (left hand)
 u - a ring of protection from cold
 A - an amulet of regeneration
 C - a ring of protection from fire
 I - a +5 ring of evasion (right hand)
 J - an amulet of faith (around neck)
Scrolls
 h - 16 scrolls of identify
 p - 2 scrolls of enchant weapon
 s - 4 scrolls of teleportation
 x - a scroll of brand weapon
Potions
 b - 6 potions of heal wounds
 d - 5 potions of might
 f - 4 potions of cancellation
 k - a potion of magic
 l - 13 potions of curing
 m - 5 potions of attraction
 n - 3 potions of haste
 q - 8 potions of lignification
 B - 5 potions of mutation

Dungeon Overview and Level Annotations

Branches:
Dungeon (15/15)            Temple (0/1) D:4            Lair (5/5) D:10
  Swamp (4/4) Lair:3       Spider (3/4) Lair:3        Slime (0/5) Lair:4
    Orc (2/2) D:11            Elf (0/3) Orc:2        Vaults (1/5) D:14
 Depths (0/4) D:15

Altars:
Cheibriados
Fedhas
Gozag
Hepliaklqana
Kikubaaqudgha
Nemelex Xobeh
Okawaru
Ru
Sif Muna
Trog
Vehumet
Wu Jian
Xom
Zin

Shops:
D:15 *   Orc:1 *   Orc:2 :=[*   Vaults:1 !

Annotations:
D:13 2 transporters, qw's ghost, journeyman GrFi


Message History

You burn the deep troll.
You hit the deep troll but do no damage.
The deep troll is heavily wounded.
You hit the deep troll. You burn the deep troll. You hit the deep troll.
You burn the deep troll. You block the deep troll's attack.
The deep troll closely misses you. You block the deep troll's attack.
The deep troll bites you but does no damage.
The deep troll claws you. The deep troll completely misses you.
You block the vault warden's attack.
The deep troll bites you but does no damage.
You block the deep troll's attack. The deep troll completely misses you.
You barely miss the deep troll.
The deep troll is heavily wounded.
You closely miss the deep troll. You slash the deep troll!
You burn the deep troll.
You block the deep troll's attack. x2; The deep troll completely misses you.
You block the deep troll's attack.
The deep troll claws you but does no damage. x2
The deep troll closely misses you. You block the deep troll's attack.
The deep troll barely misses you. The vault warden misses you.
You slice the deep troll!! You burn the deep troll!
You kill the deep troll!
Okawaru accepts your kill.
You slice the deep troll!! You burn the deep troll!
You kill the deep troll!
Okawaru accepts your kill.
You barely miss the deep troll. You barely miss the deep troll.
The deep troll is moderately wounded.
You block the deep troll's attack. The deep troll completely misses you.
You block the deep troll's attack.
The vault warden hits you from afar with a +1 vampiric glaive!!
33319 ||| READING 5 scrolls of teleportation.
As you read the scroll of teleportation, it crumbles to dust.
You feel strangely unstable.
The runic seals fade away.
You block the deep troll's attack.
The deep troll claws you but does no damage. x2
The vault warden hits you from afar with a +1 vampiric glaive!!
You die...

##### ....
###...#
+)#p..#.#
#..
#@Tc....+
#..
#T#...#.+
#.. ### ..#
#.. ... #..
### #.. #..
..########..
............
............


You could see a vault warden (strong), 2 deep trolls and a yaktaur (strong).

Vanquished Creatures
  A bone dragon (Swamp:4)
  Gastronok (Lair:1)
  A thorn hunter (Swamp:3)
  An azure jelly (Lair:5)
  An emperor scorpion (Spider:3)
  A fenstrider witch (Swamp:4)
  Louise (D:14)
  A ghoul (Swamp:2)
  3 broodmothers
  2 orc warlords (Orc:2)
  3 ironbound preservers (Vaults:1)
  A stone giant (D:15)
  2 dire elephants (Lair:5)
  8 eleionomae
  2 spark wasps (Spider:3)
  4 bunyips
  2 entropy weavers
  Josephine (Orc:2)
  A shambling mangrove (Swamp:1)
  A jorogumo (Spider:2)
  12 hydras
  4 ghost crabs
  A catoblepas (D:13)
  7 radroaches
  2 dancing weapons (D:14)
  6 boulder beetles
  A centaur warrior (D:13)
  3 two-headed ogres
  8 alligators
  2 death knights
  A death yak (Lair:5)
  Urug (Orc:2)
  Nergalle (D:11)
  Sonja (Orc:2)
  3 orc high priests (Orc:2)
  A spectral death yak (Lair:5)
  A skyshark (Lair:5)
  7 goliath frogs
  9 pharaoh ants
  10 skeletal warriors
  A spectral anaconda (Lair:5)
  2 spriggan druids
  12 deep trolls (Vaults:1)
  5 swamp dragons
  4 sun moths
  15 bog bodies
  2 ironbound convokers (Vaults:1)
  An obsidian statue (Lair:5)
  A deep elf archer (Orc:2)
  8 orb spiders
  3 orc knights
  2 lindwurms (Vaults:1)
  A phantasmal warrior (Swamp:4)
  3 spectral hydras (Swamp:4)
  10 orc sorcerers
  Pikel (D:4)
  5 steelbarb worms
  4 deep elf pyromancers
  14 wolf spiders
  A deep elf zephyrmancer (Orc:2)
  4 necromancers (Lair:5)
  11 ugly things (D:15)
  4 will-o-the-wisps
  2 manticores
  A moth of wrath (Spider:3)
  5 cyclopes
  33 elephants
  6 black mambas
  5 demonic crawlers
  16 cane toads
  4 torpor snails
  A gargoyle (D:11)
  4 unseen horrors
  2 rime drakes (Lair:4)
  13 komodo dragons
  A freezing wraith (D:14)
  2 efreet
  3 swamp worm zombies (Swamp:4)
  7 trolls
  A hornet (shapeshifter) (D:13)
  Grinder (D:3)
  9 hornets
  A bloated husk (Swamp:1)
  8 tyrant leeches
  3 polar bears
  2 hydra zombies (Swamp:4)
  Prince Ribbit (D:7)
  10 blink frogs
  2 spectral elephants (Lair:5)
  24 tarantellas
  16 slime creatures
  2 spectral swamp dragons (Swamp:4)
  6 dream sheep (Lair:4)
  3 alligator zombies (Swamp:4)
  21 jumping spiders
  2 shadows
  16 culicivoras
  7 spriggans
  10 wraiths
  A vampire (D:12)
  A dire elephant simulacrum (Lair:5)
  A hog (shapeshifter) (D:15)
  9 wyverns
  A steam dragon (D:6)
  2 basilisks
  17 yaks
  44 redbacks
  A death yak simulacrum (Lair:5)
  20 vampire mosquitoes
  3 acid dragons
  13 swamp worms
  4 wargs
  13 water moccasins
  Duvessa (D:7)
  3 black bears
  32 orc warriors
  2 ice beasts
  4 swamp dragon zombies (Swamp:4)
  A sky beast (D:7)
  7 ogres
  12 wolves
  3 elephant skeletons (Lair:5)
  4 centaurs
  4 lemures (D:4)
  8 phantoms
  2 kobold brigands
  7 bullfrogs
  2 gnoll sergeants
  2 necrophages (Swamp:2)
  6 scorpions
  A cane toad simulacrum (Lair:5)
  10 wights
  Dowan (D:7)
  15 killer bees
  An elephant simulacrum (Lair:5)
  A howler monkey (D:14)
  22 orc priests
  4 hounds (D:5)
  4 jellies (Lair:5)
  A gnoll bouda (D:6)
  2 iguanas
  3 sleepcaps
  Ijyb (D:5)
  Terence (D:2)
  44 orc wizards
  A spectral swamp drake (Swamp:4)
  7 hell rats
  Robin (D:3)
  21 gnolls
  2 swamp drake zombies (Swamp:4)
  11 adders
  A shadow imp (D:5)
  4 white imps
  2 ufetubi
  A worm (D:2)
  3 dart slugs
  66 orcs
  4 ball pythons
  9 endoplasms
  2 giant cockroaches
  13 goblins
  7 hobgoblins
  2 jackals (D:1)
  4 quokkas
  4 bats
  6 frilled lizards
  14 kobolds
  4 rats
1013 creatures vanquished.

Vanquished Creatures (others)
  A ghost crab (Swamp:4)
  A phantasmal warrior (Swamp:4)
  A will-o-the-wisp (Swamp:3)
  4 bloated husks
  A hydra zombie (Swamp:4)
  2 swamp worms
  A phantom (Swamp:4)
  34 foxfires
  16 spectral weapons
61 creatures vanquished.

Grand Total: 1074 creatures vanquished

Notes
Turn   | Place    | Note
-------+----------+-------------------------------------------
     0 | D:1      | qw the Gargoyle Fighter began the quest for the Orb.
     0 | D:1      | Reached XP level 1. HP: 14/14 MP: 1/1
     0 | D:1      | 0 ||| qw: Version: 0.2-a-102-gfc559e5
     0 | D:1      | 0 ||| qw: Game counter: 622
     0 | D:1      | 0 ||| qw: Always use a shield: true
     0 | D:1      | 0 ||| qw: God list: Okawaru
     0 | D:1      | 0 ||| qw: Allow faded altars: false
     0 | D:1      | 0 ||| qw: Do Orc after D:15 true
     0 | D:1      | 0 ||| qw: Do second Lair branch before Depths: true
     0 | D:1      | 0 ||| qw: Lair rune preference: random
     0 | D:1      | 0 ||| qw: Plans: Normal, Zot:1-4, Slime:5, God:TSO, Crypt,
                  | Tomb, Pan, Hells, Abyss, Win
     0 | D:1      | 0 ||| PLANNING D:1-11
    32 | D:1      | 32 ||| Stepping ~*~*~tactically~*~*~ (stealth).
    33 | D:1      | 33 ||| Stepping ~*~*~tactically~*~*~ (stealth).
    37 | D:1      | 37 ||| Stepping ~*~*~tactically~*~*~ (stealth).
    38 | D:1      | 38 ||| Stepping ~*~*~tactically~*~*~ (stealth).
    56 | D:1      | Reached XP level 2. HP: 12/19 MP: 2/2
   289 | D:1      | 289 ||| Stepping ~*~*~tactically~*~*~ (stealth).
   303 | D:1      | 303 ||| Stepping ~*~*~tactically~*~*~ (stealth).
   308 | D:1      | 308 ||| Stepping ~*~*~tactically~*~*~ (stealth).
   609 | D:1      | Reached skill level 3 in Axes
   921 | D:1      | 921 ||| READING scroll labelled CYINOXT JALIE.
   922 | D:1      | 922 ||| READING scroll labelled JABYXU ZUPOASM.
   925 | D:1      | 925 ||| READING scroll labelled QAXTORPH GOEPNONEPH.
   926 | D:1      | 926 ||| READING scroll labelled SUDADGH HUMAE.
   927 | D:1      | 927 ||| DRINKING 2 fuming emerald potions.
   928 | D:1      | 928 ||| DROPPING potion of flight.
   965 | D:2      | Reached XP level 3. HP: 23/23 MP: 3/3
  1005 | D:2      | Noticed Terence
  1006 | D:2      | 1006 ||| Stepping ~*~*~tactically~*~*~ (hiding).
  1007 | D:2      | 1007 ||| Stepping ~*~*~tactically~*~*~ (hiding).
  1015 | D:2      | Killed Terence
  1016 | D:2      | Reached XP level 4. HP: 7/28 MP: 4/4
  1042 | D:2      | 1042 ||| FLEEEEING.
  1043 | D:2      | 1043 ||| FLEEEEING.
  1044 | D:2      | 1044 ||| FLEEEEING.
  1045 | D:2      | 1045 ||| FLEEEEING.
  1046 | D:2      | 1046 ||| FLEEEEING.
  1058 | D:2      | 1058 ||| FLEEEEING.
  1059 | D:2      | 1059 ||| FLEEEEING.
  1060 | D:2      | 1060 ||| FLEEEEING.
  1061 | D:2      | 1061 ||| FLEEEEING.
  1062 | D:2      | 1062 ||| FLEEEEING.
  1063 | D:2      | 1063 ||| FLEEEEING.
  1064 | D:2      | 1064 ||| FLEEEEING.
  1065 | D:2      | 1065 ||| FLEEEEING.
  1066 | D:2      | 1066 ||| FLEEEEING.
  1069 | D:2      | 1069 ||| FLEEEEING.
  1070 | D:2      | 1070 ||| FLEEEEING.
  1071 | D:2      | 1071 ||| FLEEEEING.
  1072 | D:2      | 1072 ||| FLEEEEING.
  1075 | D:2      | 1075 ||| FLEEEEING.
  1076 | D:2      | 1076 ||| FLEEEEING.
  1077 | D:2      | 1077 ||| FLEEEEING.
  1078 | D:2      | 1078 ||| FLEEEEING.
  1079 | D:2      | 1079 ||| FLEEEEING.
  1080 | D:2      | 1080 ||| FLEEEEING.
  1081 | D:2      | 1081 ||| FLEEEEING.
  1082 | D:2      | 1082 ||| FLEEEEING.
  1083 | D:2      | 1083 ||| FLEEEEING.
  1084 | D:2      | 1084 ||| FLEEEEING.
  1085 | D:2      | 1085 ||| FLEEEEING.
  1088 | D:2      | 1088 ||| FLEEEEING.
  1089 | D:2      | 1089 ||| FLEEEEING.
  1090 | D:2      | 1090 ||| FLEEEEING.
  1091 | D:2      | 1091 ||| STAIRDANCE
  1177 | D:2      | 1177 ||| DROPPING +0 club.
  1378 | D:2      | 1378 ||| Stepping ~*~*~tactically~*~*~ (stealth).
  1379 | D:2      | 1379 ||| FLEEEEING.
  1380 | D:2      | 1380 ||| FLEEEEING.
  1381 | D:2      | 1381 ||| FLEEEEING.
  1382 | D:2      | 1382 ||| FLEEEEING.
  1383 | D:2      | 1383 ||| FLEEEEING.
  1384 | D:2      | 1384 ||| FLEEEEING.
  1385 | D:2      | 1385 ||| FLEEEEING.
  1962 | D:2      | 1962 ||| UPGRADING to ring of protection from cold.
  1963 | D:2      | 1963 ||| UPGRADING to ring of resist corrosion.
  1964 | D:2      | 1964 ||| READING scroll labelled FOUTHE JIOTUPN.
  1965 | D:2      | 1965 ||| READING scroll labelled HUILOTUTASH.
  1966 | D:2      | 1966 ||| DRINKING 2 dark potions.
  1967 | D:2      | 1967 ||| READING 3 scrolls of identify.
  1967 | D:2      | 1967 ||| IDENTIFYING yellow potion
  2012 | D:3      | Found a shimmering altar of Xom.
  2093 | D:3      | Found a shimmering altar of Xom.
  2093 | D:3      | Found a shimmering altar of Xom.
  2093 | D:3      | Found a shimmering altar of Xom.
  2102 | D:3      | Found a shimmering altar of Xom.
  2102 | D:3      | Found a shimmering altar of Xom.
  2102 | D:3      | Found a shimmering altar of Xom.
  2102 | D:3      | Found a shimmering altar of Xom.
  2141 | D:3      | Found an iron altar of Okawaru.
  2142 | D:3      | 2142 ||| PLANNING OKAWARU WORSHIP
  2142 | D:3      | 2142 ||| READING scroll labelled VIM IPOITU.
  2143 | D:3      | 2143 ||| READING scroll labelled EWUBBE EPOTWE.
  2161 | D:3      | Became a worshipper of Warmaster Okawaru
  2161 | D:3      | 2161 ||| PLANNING D:1-11
  2167 | D:3      | Noticed Grinder
  2168 | D:3      | 2168 ||| Stepping ~*~*~tactically~*~*~ (hiding).
  2171 | D:3      | 2171 ||| Stepping ~*~*~tactically~*~*~ (hiding).
  2172 | D:3      | 2172 ||| Stepping ~*~*~tactically~*~*~ (hiding).
  2174 | D:3      | Paralysed by Grinder for 2 turns
  2181 | D:3      | Paralysed by Grinder for 5 turns
  2187 | D:3      | Paralysed by Grinder for 5 turns
  2196 | D:3      | 2196 ||| Stepping ~*~*~tactically~*~*~ (hiding).
  2198 | D:3      | 2198 ||| Stepping ~*~*~tactically~*~*~ (hiding).
  2199 | D:3      | 2199 ||| Stepping ~*~*~tactically~*~*~ (hiding).
  2204 | D:3      | Killed Grinder
  2204 | D:3      | Reached * piety under Okawaru
  2205 | D:3      | Reached skill level 6 in Axes
  2205 | D:3      | Reached XP level 5. HP: 17/32 MP: 5/5
  2205 | D:3      | Reached XP level 6. HP: 20/37 MP: 6/6
  2309 | D:3      | 2309 ||| Stepping ~*~*~tactically~*~*~ (hiding).
  2337 | D:3      | 2337 ||| DROPPING +0 whip.
  2468 | D:3      | Noticed Robin
  2469 | D:3      | 2469 ||| INVOKING Heroism.
  2471 | D:3      | 2471 ||| INVOKING Heroism.
  2478 | D:3      | 2478 ||| INVOKING Heroism.
  2484 | D:3      | Killed Robin
  2490 | D:3      | 2490 ||| FLEEEEING.
  2491 | D:3      | 2491 ||| FLEEEEING.
  2492 | D:3      | 2492 ||| FLEEEEING.
  2493 | D:3      | 2493 ||| FLEEEEING.
  2495 | D:3      | 2495 ||| FLEEEEING.
  2496 | D:3      | 2496 ||| FLEEEEING.
  2497 | D:3      | 2497 ||| FLEEEEING.
  2500 | D:3      | 2500 ||| FLEEEEING.
  2519 | D:3      | 2519 ||| Stepping ~*~*~tactically~*~*~ (stealth).
  2521 | D:3      | 2521 ||| Stepping ~*~*~tactically~*~*~ (hiding).
  2526 | D:3      | 2526 ||| INVOKING Heroism.
  2530 | D:3      | Reached skill level 1 in Invocations
  3087 | D:3      | 3087 ||| UPGRADING to +0 helmet.
  3092 | D:3      | 3092 ||| DROPPING ring of flight.
  3093 | D:3      | 3093 ||| READING scroll labelled VUEDIKHABB.
  3094 | D:3      | 3094 ||| READING 2 scrolls of identify.
  3094 | D:3      | 3094 ||| IDENTIFYING fizzy cyan potion
  3136 | D:4      | Noticed a black bear
  3137 | D:4      | 3137 ||| INVOKING Heroism.
  3141 | D:4      | Killed a black bear
  3142 | D:4      | Reached XP level 7. HP: 27/43 MP: 4/8
  3245 | D:4      | Found a sparkling altar of Nemelex Xobeh.
  3399 | D:4      | Noticed Pikel
  3400 | D:4      | 3400 ||| Stepping ~*~*~tactically~*~*~ (stealth).
  3417 | D:4      | 3417 ||| Stepping ~*~*~tactically~*~*~ (stealth).
  3427 | D:4      | 3427 ||| INVOKING Heroism.
  3468 | D:4      | 3468 ||| Stepping ~*~*~tactically~*~*~ (stealth).
  3469 | D:4      | 3469 ||| Stepping ~*~*~tactically~*~*~ (stealth).
  3538 | D:4      | Reached skill level 1 in Dodging
  3538 | D:4      | Reached skill level 3 in Invocations
  3732 | D:4      | 3732 ||| Stepping ~*~*~tactically~*~*~ (hiding).
  3736 | D:4      | 3736 ||| Stepping ~*~*~tactically~*~*~ (hiding).
  3737 | D:4      | 3737 ||| Stepping ~*~*~tactically~*~*~ (hiding).
  3745 | D:4      | 3745 ||| INVOKING Heroism.
  3807 | D:4      | 3807 ||| FLEEEEING.
  3808 | D:4      | 3808 ||| FLEEEEING.
  3809 | D:4      | 3809 ||| FLEEEEING.
  3810 | D:4      | 3810 ||| FLEEEEING.
  3815 | D:4      | 3815 ||| FLEEEEING.
  3816 | D:4      | 3816 ||| INVOKING Heroism.
  3827 | D:4      | Killed Pikel
  3827 | D:4      | Reached ** piety under Okawaru
  3828 | D:4      | Reached XP level 8. HP: 25/48 MP: 8/11
  4038 | D:4      | Found a staircase to the Ecumenical Temple.
  4113 | D:4      | 4113 ||| Stepping ~*~*~tactically~*~*~ (hiding).
  4114 | D:4      | 4114 ||| Stepping ~*~*~tactically~*~*~ (hiding).
  4497 | D:4      | 4497 ||| INVOKING Heroism.
  4778 | D:4      | 4778 ||| READING scroll labelled BIYCUAT VOLIJAW.
  4779 | D:4      | 4779 ||| READING scroll labelled LIMYSTIELI.
  4780 | D:4      | 4780 ||| DRINKING 2 green potions.
  4781 | D:4      | 4781 ||| READING 2 scrolls of identify.
  4781 | D:4      | 4781 ||| IDENTIFYING murky white potion
  4809 | D:5      | Entered Level 5 of the Dungeon
  4814 | D:5      | 4814 ||| Stepping ~*~*~tactically~*~*~ (stealth).
  4816 | D:5      | 4816 ||| Stepping ~*~*~tactically~*~*~ (stealth).
  4826 | D:5      | Reached skill level 1 in Throwing
  4847 | D:5      | 4847 ||| INVOKING Heroism.
  5049 | D:5      | Reached skill level 6 in Fighting
  5070 | D:5      | Noticed Ijyb
  5071 | D:5      | 5071 ||| INVOKING Heroism.
  5078 | D:5      | Killed Ijyb
  5165 | D:5      | Reached XP level 9. HP: 55/55 MP: 12/12
  5428 | D:5      | 5428 ||| Stepping ~*~*~tactically~*~*~ (hiding).
  5431 | D:5      | 5431 ||| Stepping ~*~*~tactically~*~*~ (hiding).
  5434 | D:5      | 5434 ||| INVOKING Heroism.
  5439 | D:5      | 5439 ||| Stepping ~*~*~tactically~*~*~ (stealth).
  5465 | D:5      | 5465 ||| Stepping ~*~*~tactically~*~*~ (hiding).
  5471 | D:5      | 5471 ||| INVOKING Heroism.
  5528 | D:5      | 5528 ||| DROPPING orb of light.
  5529 | D:5      | 5529 ||| UPGRADING to +0 chain mail.
  5539 | D:5      | 5539 ||| DROPPING +0 scale mail.
  5540 | D:5      | 5540 ||| READING scroll labelled LOJU KEURHOTOPN.
  5541 | D:5      | 5541 ||| DRINKING 2 metallic coppery potions.
  5623 | D:6      | Noticed a two-headed ogre
  5635 | D:6      | Noticed a two-headed ogre
  5636 | D:6      | 5636 ||| INVOKING Heroism.
  5643 | D:6      | Killed a two-headed ogre
  5644 | D:6      | Reached skill level 9 in Axes
  5687 | D:6      | 5687 ||| Stepping ~*~*~tactically~*~*~ (stealth).
  5693 | D:6      | 5693 ||| Stepping ~*~*~tactically~*~*~ (hiding).
  5698 | D:6      | 5698 ||| INVOKING Heroism.
  5711 | D:6      | HP: 1/55 [ogre/+0 giant club (22)]
  5712 | D:6      | 5712 ||| DRINKING 3 potions of heal wounds.
  5713 | D:6      | 5713 ||| DRINKING 2 potions of heal wounds.
  5718 | D:6      | Reached skill level 4 in Shields
  5723 | D:6      | Reached *** piety under Okawaru
  5724 | D:6      | 5724 ||| INVOKING Heroism.
  5726 | D:6      | HP: 14/56 [ice beast (3)]
  5727 | D:6      | 5727 ||| DRINKING potion of heal wounds.
  5884 | D:6      | 5884 ||| Stepping ~*~*~tactically~*~*~ (stealth).
  5885 | D:6      | 5885 ||| Stepping ~*~*~tactically~*~*~ (stealth).
  5886 | D:6      | 5886 ||| Stepping ~*~*~tactically~*~*~ (stealth).
  5887 | D:6      | 5887 ||| Stepping ~*~*~tactically~*~*~ (stealth).
  5896 | D:6      | Found a bloodstained altar of Trog.
  5934 | D:6      | 5934 ||| Stepping ~*~*~tactically~*~*~ (hiding).
  6367 | D:6      | 6367 ||| READING scroll labelled LIZYGO ZAMIA.
  6368 | D:6      | 6368 ||| READING scroll labelled LAR BIDGHOCO.
  6369 | D:6      | 6369 ||| DRINKING 2 lumpy white potions.
  6369 | D:6      | Gained mutation: You are occasionally teleported next to
                  | monsters. [potion of mutation]
  6369 | D:6      | Gained mutation: You are clumsy. (Dex -2) [potion of
                  | mutation]
  6369 | D:6      | Gained mutation: You occasionally lose the ability to drink
                  | potions when taking damage. [potion of mutation]
  6370 | D:6      | 6370 ||| DRINKING potion of mutation.
  6370 | D:6      | Lost mutation: You are occasionally teleported next to
                  | monsters. [potion of mutation]
  6370 | D:6      | Lost mutation: You occasionally lose the ability to drink
                  | potions when taking damage. [potion of mutation]
  6370 | D:6      | Gained mutation: You are strong-willed. (Will+) [potion of
                  | mutation]
  6370 | D:6      | Gained mutation: You are partially covered in iridescent
                  | scales. (AC +2) [potion of mutation]
  6370 | D:6      | Lost mutation: You are clumsy. (Dex -2) [potion of
                  | mutation]
  6370 | D:6      | Gained mutation: Your mind is acute. (Int +4, Str/Dex -1)
                  | [potion of mutation]
  6516 | D:7      | 6516 ||| Stepping ~*~*~tactically~*~*~ (hiding).
  6524 | D:7      | Reached XP level 10. HP: 63/63 MP: 13/13
  6539 | D:7      | Noticed Dowan
  6539 | D:7      | Noticed Duvessa
  6540 | D:7      | 6540 ||| INVOKING Heroism.
  6546 | D:7      | Killed Duvessa
  6573 | D:7      | Killed Dowan
  6637 | D:7      | Noticed Prince Ribbit
  6645 | D:7      | Killed Prince Ribbit
  6885 | D:7      | Found a blossoming altar of Fedhas.
  6935 | D:7      | Found a snail-covered altar of Cheibriados.
  6998 | D:7      | Found a glowing silver altar of Zin.
  7096 | D:7      | Received a gift from Okawaru
  7097 | D:7      | Reached skill level 5 in Shields
  7428 | D:7      | 7428 ||| INVOKING Heroism.
  7636 | D:7      | Found a shimmering blue altar of Sif Muna.
  7718 | D:7      | 7718 ||| UPGRADING to +0 kite shield.
  7728 | D:7      | 7728 ||| DROPPING +0 buckler.
  7894 | D:8      | Reached skill level 6 in Shields
  8046 | D:8      | 8046 ||| Stepping ~*~*~tactically~*~*~ (stealth).
  8064 | D:8      | 8064 ||| DROPPING +0 morningstar.
  8074 | D:8      | 8074 ||| Stepping ~*~*~tactically~*~*~ (stealth).
  8096 | D:8      | Reached skill level 7 in Shields
  8099 | D:8      | 8099 ||| INVOKING Heroism.
  8103 | D:8      | Reached **** piety under Okawaru
  8192 | D:8      | 8192 ||| Stepping ~*~*~tactically~*~*~ (stealth).
  8196 | D:8      | 8196 ||| Stepping ~*~*~tactically~*~*~ (stealth).
  8211 | D:8      | 8211 ||| READING scroll of enchant armour.
  8211 | D:8      | 8211 ||| ENCHANTING +0 helmet.
  8307 | D:8      | Found an ornate altar of the Wu Jian Council.
  8344 | D:8      | Noticed a two-headed ogre
  8345 | D:8      | 8345 ||| INVOKING Heroism.
  8350 | D:8      | Killed a two-headed ogre
  8351 | D:8      | Reached skill level 8 in Shields
  8351 | D:8      | Reached XP level 11. HP: 52/68 MP: 11/14
  8418 | D:8      | Identified the +11 long sword "Uruahod" {holy, MP-9 Str+2
                  | Stlth+}
  8420 | D:8      | Found an ancient bone altar of Kikubaaqudgha.
  8877 | D:9      | 8877 ||| READING scroll of enchant armour.
  8877 | D:9      | 8877 ||| ENCHANTING +1 helmet.
  8999 | D:9      | 8999 ||| INVOKING Heroism.
  9010 | D:9      | Found a radiant altar of Vehumet.
  9158 | D:9      | Reached skill level 9 in Shields
  9158 | D:9      | Reached skill level 6 in Invocations
  9192 | D:9      | 9192 ||| INVOKING Heroism.
  9485 | D:9      | 9485 ||| UPGRADING to +0 plate armour.
  9495 | D:9      | 9495 ||| DROPPING +0 chain mail.
  9496 | D:9      | 9496 ||| READING 2 scrolls labelled ZEAZIAWNESTRY.
  9497 | D:9      | 9497 ||| DROPPING scroll of poison.
  9535 | D:10     | Entered Level 10 of the Dungeon
  9543 | D:10     | 9543 ||| STAIRDANCE
  9633 | D:10     | 9633 ||| INVOKING Heroism.
  9773 | D:10     | Reached skill level 6 in Armour
  9822 | D:10     | 9822 ||| INVOKING Heroism.
  9891 | D:10     | 9891 ||| INVOKING Heroism.
  9916 | D:10     | 9916 ||| FLEEEEING.
  9917 | D:10     | 9917 ||| FLEEEEING.
  9918 | D:10     | 9918 ||| FLEEEEING.
  9919 | D:10     | 9919 ||| FLEEEEING.
  9920 | D:10     | 9920 ||| FLEEEEING.
  9922 | D:10     | 9922 ||| FLEEEEING.
  9923 | D:10     | 9923 ||| FLEEEEING.
  9924 | D:10     | 9924 ||| FLEEEEING.
  9925 | D:10     | 9925 ||| FLEEEEING.
  9926 | D:10     | 9926 ||| FLEEEEING.
  9927 | D:10     | 9927 ||| FLEEEEING.
  9928 | D:10     | 9928 ||| FLEEEEING.
  9929 | D:10     | 9929 ||| FLEEEEING.
  9930 | D:10     | 9930 ||| FLEEEEING.
  9931 | D:10     | 9931 ||| FLEEEEING.
  9932 | D:10     | 9932 ||| FLEEEEING.
  9933 | D:10     | 9933 ||| FLEEEEING.
  9934 | D:10     | 9934 ||| FLEEEEING.
  9935 | D:10     | 9935 ||| FLEEEEING.
  9936 | D:10     | 9936 ||| FLEEEEING.
  9937 | D:10     | 9937 ||| FLEEEEING.
  9938 | D:10     | 9938 ||| FLEEEEING.
  9939 | D:10     | 9939 ||| FLEEEEING.
  9940 | D:10     | 9940 ||| FLEEEEING.
  9941 | D:10     | 9941 ||| FLEEEEING.
  9942 | D:10     | 9942 ||| FLEEEEING.
  9943 | D:10     | 9943 ||| FLEEEEING.
  9944 | D:10     | 9944 ||| FLEEEEING.
  9945 | D:10     | 9945 ||| FLEEEEING.
  9946 | D:10     | 9946 ||| FLEEEEING.
  9947 | D:10     | 9947 ||| FLEEEEING.
  9948 | D:10     | 9948 ||| FLEEEEING.
  9949 | D:10     | 9949 ||| FLEEEEING.
  9950 | D:10     | 9950 ||| FLEEEEING.
  9951 | D:10     | 9951 ||| FLEEEEING.
  9952 | D:10     | 9952 ||| FLEEEEING.
  9953 | D:10     | 9953 ||| FLEEEEING.
  9954 | D:10     | 9954 ||| FLEEEEING.
 10050 | D:10     | Found a hazy altar of Hepliaklqana.
 10137 | D:10     | 10137 ||| Stepping ~*~*~tactically~*~*~ (hiding).
 10140 | D:10     | 10140 ||| Stepping ~*~*~tactically~*~*~ (hiding).
 10143 | D:10     | 10143 ||| INVOKING Heroism.
 10148 | D:10     | 10148 ||| Stepping ~*~*~tactically~*~*~ (stealth).
 10192 | D:10     | Found a staircase to the Lair.
 10289 | D:10     | 10289 ||| Stepping ~*~*~tactically~*~*~ (stealth).
 10446 | D:10     | 10446 ||| PLANNING LAIR
 10446 | D:10     | 10446 ||| UPGRADING to +5 ring of evasion.
 10448 | D:10     | 10448 ||| UPGRADING to ring of protection from cold.
 10450 | D:10     | 10450 ||| DRINKING 2 purple potions.
 10456 | Lair:1   | Entered Level 1 of the Lair of Beasts
 10530 | Lair:1   | 10530 ||| INVOKING Heroism.
 10573 | Lair:1   | 10573 ||| INVOKING Heroism.
 10574 | Lair:1   | 10574 ||| Stepping ~*~*~tactically~*~*~ (stealth).
 10811 | Lair:1   | Noticed Gastronok
 10812 | Lair:1   | 10812 ||| Stepping ~*~*~tactically~*~*~ (hiding).
 10818 | Lair:1   | 10818 ||| Stepping ~*~*~tactically~*~*~ (hiding).
 10820 | Lair:1   | 10820 ||| Stepping ~*~*~tactically~*~*~ (hiding).
 10822 | Lair:1   | 10822 ||| Stepping ~*~*~tactically~*~*~ (hiding).
 10827 | Lair:1   | 10827 ||| Stepping ~*~*~tactically~*~*~ (hiding).
 10833 | Lair:1   | 10833 ||| INVOKING Heroism.
 10844 | Lair:1   | Killed Gastronok
 10844 | Lair:1   | Reached ***** piety under Okawaru
 10845 | Lair:1   | Reached skill level 10 in Shields
 10845 | Lair:1   | Reached XP level 12. HP: 52/74 MP: 18/18
 10954 | Lair:1   | Reached skill level 9 in Invocations
 11065 | Lair:1   | 11065 ||| INVOKING Heroism.
 11067 | Lair:1   | 11067 ||| Stepping ~*~*~tactically~*~*~ (stealth).
 11093 | Lair:1   | Received a gift from Okawaru
 11097 | Lair:1   | Reached skill level 9 in Fighting
 11120 | Lair:1   | 11120 ||| READING scroll of brand weapon.
 11120 | Lair:1   | 11120 ||| BRANDING +1 heavy war axe.
 11461 | Lair:1   | 11461 ||| DROPPING scarf of invisibility.
 11462 | Lair:1   | 11462 ||| UPGRADING to ring of see invisible.
 11464 | Lair:1   | 11464 ||| READING 2 scrolls of identify.
 11464 | Lair:1   | 11464 ||| IDENTIFYING black potion
 11465 | Lair:1   | 11465 ||| DROPPING potion of degeneration.
 11557 | Lair:2   | 11557 ||| INVOKING Heroism.
 11742 | Lair:2   | 11742 ||| Stepping ~*~*~tactically~*~*~ (stealth).
 12027 | Lair:2   | 12027 ||| INVOKING Heroism.
 12201 | Lair:2   | 12201 ||| Stepping ~*~*~tactically~*~*~ (stealth).
 12209 | Lair:2   | 12209 ||| INVOKING Heroism.
 12414 | Lair:2   | 12414 ||| UPGRADING to +0 pair of gloves.
 12419 | Lair:2   | 12419 ||| READING 5 scrolls of identify.
 12419 | Lair:2   | 12419 ||| IDENTIFYING fizzy emerald potion
 12420 | Lair:2   | 12420 ||| DROPPING potion of brilliance.
 12445 | Lair:3   | 12445 ||| INVOKING Heroism.
 12449 | Lair:3   | Reached skill level 12 in Axes
 12634 | Lair:3   | 12634 ||| INVOKING Heroism.
 12684 | Lair:3   | 12684 ||| INVOKING Heroism.
 12751 | Lair:3   | Reached skill level 9 in Armour
 12751 | Lair:3   | 12751 ||| FLEEEEING.
 12752 | Lair:3   | 12752 ||| FLEEEEING.
 12753 | Lair:3   | 12753 ||| FLEEEEING.
 12755 | Lair:3   | 12755 ||| FLEEEEING.
 12756 | Lair:3   | 12756 ||| FLEEEEING.
 12757 | Lair:3   | 12757 ||| FLEEEEING.
 12758 | Lair:3   | 12758 ||| FLEEEEING.
 12759 | Lair:3   | 12759 ||| FLEEEEING.
 12760 | Lair:3   | 12760 ||| FLEEEEING.
 12838 | Lair:3   | Found a hole to the Spider Nest.
 13003 | Lair:3   | Noticed a boulder beetle
 13004 | Lair:3   | 13004 ||| INVOKING Heroism.
 13042 | Lair:3   | Killed a boulder beetle
 13043 | Lair:3   | Reached XP level 13. HP: 74/80 MP: 20/20
 13343 | Lair:3   | Found a staircase to the Swamp.
 13378 | Lair:3   | 13378 ||| UPGRADING to +2 pair of boots.
 13383 | Lair:3   | 13383 ||| READING 4 scrolls of identify.
 13383 | Lair:3   | 13383 ||| IDENTIFYING puce potion
 13384 | Lair:3   | 13384 ||| DROPPING potion of berserk rage.
 13425 | Lair:4   | Reached skill level 11 in Shields
 13427 | Lair:4   | 13427 ||| INVOKING Heroism.
 13455 | Lair:4   | 13455 ||| Stepping ~*~*~tactically~*~*~ (stealth).
 13523 | Lair:4   | 13523 ||| FLEEEEING.
 13524 | Lair:4   | 13524 ||| FLEEEEING.
 13525 | Lair:4   | 13525 ||| STAIRDANCE
 13560 | Lair:4   | 13560 ||| INVOKING Heroism.
 13599 | Lair:4   | 13599 ||| INVOKING Heroism.
 13656 | Lair:4   | 13656 ||| INVOKING Heroism.
 13697 | Lair:4   | 13697 ||| SWAPPING to +1 morningstar.
 13709 | Lair:4   | 13709 ||| SWAPPING to +1 spectral war axe.
 13895 | Lair:4   | 13895 ||| INVOKING Heroism.
 13896 | Lair:4   | 13896 ||| INVOKING Finesse.
 13897 | Lair:4   | 13897 ||| SWAPPING to +1 morningstar.
 13903 | Lair:4   | 13903 ||| SWAPPING to +1 spectral war axe.
 13906 | Lair:4   | 13906 ||| Stepping ~*~*~tactically~*~*~ (stealth).
 13907 | Lair:4   | 13907 ||| Stepping ~*~*~tactically~*~*~ (stealth).
 14056 | Lair:4   | 14056 ||| INVOKING Heroism.
 14061 | Lair:4   | 14061 ||| SWAPPING to +1 morningstar.
 14069 | Lair:4   | 14069 ||| SWAPPING to +1 spectral war axe.
 14215 | Lair:4   | 14215 ||| DROPPING +1 morningstar.
 14265 | Lair:4   | 14265 ||| INVOKING Heroism.
 14446 | Lair:4   | 14446 ||| INVOKING Heroism.
 14453 | Lair:4   | Found a staircase to the Slime Pits.
 14455 | Lair:4   | 14455 ||| FLEEEEING.
 14465 | Lair:4   | 14465 ||| STAIRDANCE
 14547 | Lair:3   | 14547 ||| READING scroll labelled WUREZOKHOSY.
 14679 | Lair:4   | 14679 ||| INVOKING Heroism.
 14681 | Lair:4   | HP: 16/82 [oklob plant/splash of acid (6)]
 14682 | Lair:4   | 14682 ||| READING 5 scrolls of teleportation.
 14683 | Lair:4   | 14683 ||| DRINKING 5 potions of heal wounds.
 15000 | Lair:4   | 15000 ||| FLEEEEING.
 15001 | Lair:4   | 15001 ||| FLEEEEING.
 15006 | Lair:4   | 15006 ||| INVOKING Heroism.
 15423 | Lair:5   | Entered Level 5 of the Lair of Beasts
 15424 | Lair:5   | 15424 ||| INVOKING Heroism.
 15510 | Lair:5   | 15510 ||| INVOKING Heroism.
 15525 | Lair:5   | Gained mutation: Your large and strong wings let you fly.
                  | [Gargoyle growth]
 15525 | Lair:5   | Reached XP level 14. HP: 77/88 MP: 21/21
 15528 | Lair:5   | Received a gift from Okawaru
 15538 | Lair:5   | 15538 ||| INVOKING Finesse.
 15539 | Lair:5   | 15539 ||| INVOKING Finesse.
 15543 | Lair:5   | 15543 ||| INVOKING Heroism.
 15547 | Lair:5   | 15547 ||| SWAPPING to +5 morningstar.
 15554 | Lair:5   | 15554 ||| SWAPPING to +1 spectral war axe.
 15841 | Lair:5   | Reached skill level 12 in Shields
 15863 | Lair:5   | 15863 ||| INVOKING Heroism.
 15864 | Lair:5   | 15864 ||| INVOKING Finesse.
 15868 | Lair:5   | 15868 ||| SWAPPING to +5 morningstar.
 15872 | Lair:5   | 15872 ||| SWAPPING to +1 spectral war axe.
 15987 | Lair:5   | 15987 ||| Stepping ~*~*~tactically~*~*~ (stealth).
 15996 | Lair:5   | 15996 ||| FLEEEEING.
 15998 | Lair:5   | 15998 ||| FLEEEEING.
 15999 | Lair:5   | 15999 ||| FLEEEEING.
 16006 | Lair:5   | 16006 ||| FLEEEEING.
 16007 | Lair:5   | 16007 ||| FLEEEEING.
 16008 | Lair:5   | 16008 ||| FLEEEEING.
 16016 | Lair:5   | 16016 ||| FLEEEEING.
 16017 | Lair:5   | 16017 ||| FLEEEEING.
 16022 | Lair:5   | 16022 ||| FLEEEEING.
 16023 | Lair:5   | 16023 ||| FLEEEEING.
 16024 | Lair:5   | 16024 ||| FLEEEEING.
 16025 | Lair:5   | 16025 ||| FLEEEEING.
 16026 | Lair:5   | 16026 ||| FLEEEEING.
 16095 | Lair:5   | Noticed an azure jelly
 16096 | Lair:5   | 16096 ||| INVOKING Heroism.
 16102 | Lair:5   | Killed an azure jelly
 16113 | Lair:5   | 16113 ||| Stepping ~*~*~tactically~*~*~ (stealth).
 16172 | Lair:5   | 16172 ||| Stepping ~*~*~tactically~*~*~ (stealth).
 16186 | Lair:5   | 16186 ||| Stepping ~*~*~tactically~*~*~ (stealth).
 16187 | Lair:5   | 16187 ||| Stepping ~*~*~tactically~*~*~ (stealth).
 16188 | Lair:5   | 16188 ||| Stepping ~*~*~tactically~*~*~ (stealth).
 16205 | Lair:5   | 16205 ||| READING scroll of enchant weapon.
 16205 | Lair:5   | 16205 ||| ENCHANTING +1 spectral war axe.
 16411 | Lair:5   | Noticed a dire elephant
 16412 | Lair:5   | 16412 ||| Stepping ~*~*~tactically~*~*~ (stealth).
 16413 | Lair:5   | 16413 ||| Stepping ~*~*~tactically~*~*~ (stealth).
 16414 | Lair:5   | 16414 ||| Stepping ~*~*~tactically~*~*~ (stealth).
 16420 | Lair:5   | 16420 ||| INVOKING Heroism.
 16421 | Lair:5   | 16421 ||| INVOKING Finesse.
 16436 | Lair:5   | Received a gift from Okawaru
 16459 | Lair:5   | 16459 ||| Stepping ~*~*~tactically~*~*~ (stealth).
 16560 | Lair:5   | Received a gift from Okawaru
 16561 | Lair:5   | Reached skill level 3 in Throwing
 16570 | Lair:5   | 16570 ||| FLEEEEING.
 16571 | Lair:5   | 16571 ||| FLEEEEING.
 16572 | Lair:5   | 16572 ||| FLEEEEING.
 16573 | Lair:5   | 16573 ||| FLEEEEING.
 16574 | Lair:5   | 16574 ||| FLEEEEING.
 16576 | Lair:5   | 16576 ||| FLEEEEING.
 16577 | Lair:5   | 16577 ||| FLEEEEING.
 16578 | Lair:5   | 16578 ||| FLEEEEING.
 16579 | Lair:5   | 16579 ||| FLEEEEING.
 16580 | Lair:5   | 16580 ||| FLEEEEING.
 16581 | Lair:5   | 16581 ||| FLEEEEING.
 16582 | Lair:5   | 16582 ||| FLEEEEING.
 16583 | Lair:5   | 16583 ||| FLEEEEING.
 16584 | Lair:5   | 16584 ||| FLEEEEING.
 16585 | Lair:5   | 16585 ||| FLEEEEING.
 16804 | Lair:5   | Noticed a dire elephant
 16805 | Lair:5   | 16805 ||| INVOKING Heroism.
 16816 | Lair:5   | Killed a dire elephant
 16868 | Lair:5   | 16868 ||| Stepping ~*~*~tactically~*~*~ (hiding).
 16880 | Lair:5   | 16880 ||| FLEEEEING.
 16881 | Lair:5   | 16881 ||| FLEEEEING.
 16882 | Lair:5   | 16882 ||| FLEEEEING.
 16883 | Lair:5   | 16883 ||| FLEEEEING.
 16884 | Lair:5   | 16884 ||| FLEEEEING.
 16885 | Lair:5   | 16885 ||| FLEEEEING.
 16886 | Lair:5   | 16886 ||| FLEEEEING.
 16887 | Lair:5   | 16887 ||| FLEEEEING.
 16888 | Lair:5   | 16888 ||| FLEEEEING.
 16889 | Lair:5   | 16889 ||| FLEEEEING.
 16890 | Lair:5   | 16890 ||| FLEEEEING.
 16891 | Lair:5   | 16891 ||| FLEEEEING.
 16892 | Lair:5   | 16892 ||| FLEEEEING.
 16895 | Lair:5   | 16895 ||| FLEEEEING.
 16897 | Lair:5   | 16897 ||| FLEEEEING.
 16898 | Lair:5   | 16898 ||| FLEEEEING.
 16899 | Lair:5   | 16899 ||| FLEEEEING.
 16900 | Lair:5   | 16900 ||| FLEEEEING.
 16901 | Lair:5   | 16901 ||| FLEEEEING.
 16902 | Lair:5   | 16902 ||| FLEEEEING.
 16903 | Lair:5   | 16903 ||| Stepping ~*~*~tactically~*~*~ (stealth).
 16904 | Lair:5   | 16904 ||| FLEEEEING.
 16935 | Lair:5   | 16935 ||| Stepping ~*~*~tactically~*~*~ (stealth).
 17008 | Lair:5   | 17008 ||| Stepping ~*~*~tactically~*~*~ (hiding).
 17010 | Lair:5   | 17010 ||| INVOKING Heroism.
 17011 | Lair:5   | 17011 ||| INVOKING Finesse.
 17079 | Lair:5   | 17079 ||| INVOKING Heroism.
 17089 | Lair:5   | Killed a dire elephant
 17106 | Lair:5   | Reached skill level 15 in Axes
 17241 | Lair:5   | 17241 ||| PLANNING D:1-11
 17241 | Lair:5   | 17241 ||| UPGRADING to amulet of regeneration.
 17437 | D:11     | Found Imoekh's Distillery.
 17446 | D:11     | 17446 ||| BUYING 2 potions of curing (78 gold).
 17446 | D:11     | Bought 2 potions of curing for 78 gold pieces
 17446 | D:11     | 17446 ||| BUYING potion of curing (39 gold).
 17446 | D:11     | Bought a potion of curing for 39 gold pieces
 17446 | D:11     | 17446 ||| BUYING potion of curing (39 gold).
 17446 | D:11     | Bought a potion of curing for 39 gold pieces
 17446 | D:11     | 17446 ||| BUYING potion of curing (39 gold).
 17446 | D:11     | Bought a potion of curing for 39 gold pieces
 17446 | D:11     | 17446 ||| BUYING potion of heal wounds (65 gold).
 17446 | D:11     | Bought a potion of heal wounds for 65 gold pieces
 17446 | D:11     | 17446 ||| BUYING potion of lignification (39 gold).
 17446 | D:11     | Bought a potion of lignification for 39 gold pieces
 17454 | D:11     | 17454 ||| READING scroll of enchant weapon.
 17454 | D:11     | 17454 ||| ENCHANTING +2 spectral war axe.
 17464 | D:11     | 17464 ||| INVOKING Heroism.
 17486 | D:11     | 17486 ||| Stepping ~*~*~tactically~*~*~ (stealth).
 17491 | D:11     | 17491 ||| Stepping ~*~*~tactically~*~*~ (stealth).
 17498 | D:11     | 17498 ||| INVOKING Heroism.
 17544 | D:11     | 17544 ||| Stepping ~*~*~tactically~*~*~ (hiding).
 17616 | D:11     | 17616 ||| Stepping ~*~*~tactically~*~*~ (hiding).
 17643 | D:11     | Found a staircase to the Orcish Mines.
 17749 | D:11     | 17749 ||| INVOKING Heroism.
 17750 | D:11     | 17750 ||| INVOKING Finesse.
 17846 | D:11     | Noticed Nergalle
 17847 | D:11     | 17847 ||| Stepping ~*~*~tactically~*~*~ (hiding).
 17858 | D:11     | Killed Nergalle
 18112 | D:11     | 18112 ||| PLANNING D
 18112 | D:11     | 18112 ||| DROPPING scarf of shadows.
 18113 | D:11     | 18113 ||| DROPPING ring of positive energy.
 18161 | D:12     | 18161 ||| INVOKING Heroism.
 18164 | D:12     | 18164 ||| SWAPPING to +5 morningstar.
 18173 | D:12     | 18173 ||| SWAPPING to +3 spectral war axe.
 18275 | D:12     | 18275 ||| READING 4 scrolls of teleportation.
 18276 | D:12     | 18276 ||| INVOKING Heroism.
 18382 | D:12     | 18382 ||| Stepping ~*~*~tactically~*~*~ (stealth).
 18588 | D:12     | 18588 ||| Stepping ~*~*~tactically~*~*~ (stealth).
 18589 | D:12     | 18589 ||| Stepping ~*~*~tactically~*~*~ (stealth).
 18695 | D:12     | 18695 ||| DROPPING +5 morningstar.
 18725 | D:12     | Reached XP level 15. HP: 95/95 MP: 22/22
 18765 | D:12     | 18765 ||| Stepping ~*~*~tactically~*~*~ (stealth).
 18767 | D:12     | 18767 ||| Stepping ~*~*~tactically~*~*~ (stealth).
 18776 | D:12     | 18776 ||| INVOKING Heroism.
 18842 | D:12     | 18842 ||| INVOKING Heroism.
 18845 | D:12     | 18845 ||| READING 3 scrolls of teleportation.
 19006 | D:13     | Noticed qw's ghost (journeyman GrFi)
 19096 | D:13     | Found a transporter.
 19137 | D:13     | Reached skill level 6 in Throwing
 19293 | D:13     | Found a bloodstained altar of Trog.
 19315 | D:13     | 19315 ||| INVOKING Heroism.
 19316 | D:13     | 19316 ||| Stepping ~*~*~tactically~*~*~ (stealth).
 19328 | D:13     | 19328 ||| Stepping ~*~*~tactically~*~*~ (stealth).
 19333 | D:13     | Reached skill level 12 in Fighting
 19406 | D:13     | Found a transporter.
 19464 | D:13     | 19464 ||| Stepping ~*~*~tactically~*~*~ (stealth).
 19465 | D:13     | 19465 ||| Stepping ~*~*~tactically~*~*~ (stealth).
 19540 | D:13     | 19540 ||| Stepping ~*~*~tactically~*~*~ (hiding).
 19912 | D:14     | 19912 ||| Stepping ~*~*~tactically~*~*~ (hiding).
 19913 | D:14     | 19913 ||| Stepping ~*~*~tactically~*~*~ (hiding).
 20022 | D:14     | Found a radiant altar of Vehumet.
 20076 | D:14     | Found Zin's Purification Station.
 20081 | D:14     | Found a glowing silver altar of Zin.
 20084 | D:14     | 20084 ||| BUYING potion of curing (90 gold).
 20084 | D:14     | Bought a potion of curing for 90 gold pieces
 20087 | D:14     | 20087 ||| INVOKING Heroism.
 20088 | D:14     | 20088 ||| INVOKING Finesse.
 20093 | D:14     | 20093 ||| SWAPPING to +2 war axe of flaming.
 20097 | D:14     | 20097 ||| SWAPPING to +3 spectral war axe.
 20152 | D:14     | 20152 ||| Stepping ~*~*~tactically~*~*~ (stealth).
 20154 | D:14     | 20154 ||| Stepping ~*~*~tactically~*~*~ (hiding).
 20159 | D:14     | 20159 ||| INVOKING Heroism.
 20172 | D:14     | Received a gift from Okawaru
 20301 | D:14     | 20301 ||| Stepping ~*~*~tactically~*~*~ (hiding).
 20531 | D:14     | Found a gate to the Vaults.
 20585 | D:14     | Noticed Louise
 20586 | D:14     | 20586 ||| INVOKING Heroism.
 20605 | D:14     | Killed Louise
 20842 | D:14     | 20842 ||| UPGRADING to +0 tower shield.
 20852 | D:14     | 20852 ||| DROPPING +0 kite shield.
 20916 | D:15     | Entered Level 15 of the Dungeon
 20917 | D:15     | 20917 ||| Stepping ~*~*~tactically~*~*~ (hiding).
 20918 | D:15     | 20918 ||| INVOKING Heroism.
 20919 | D:15     | 20919 ||| Stepping ~*~*~tactically~*~*~ (stealth).
 20954 | D:15     | 20954 ||| INVOKING Heroism.
 20968 | D:15     | Reached skill level 13 in Shields
 20988 | D:15     | 20988 ||| Stepping ~*~*~tactically~*~*~ (stealth).
 21025 | D:15     | Identified the +4 chain mail of the Cockatrice {Str+5
                  | Slay-2}
 21043 | D:15     | 21043 ||| Stepping ~*~*~tactically~*~*~ (hiding).
 21052 | D:15     | 21052 ||| INVOKING Heroism.
 21109 | D:15     | Found a staircase to the Depths.
 21137 | D:15     | Found Gozag's Platinum Reserve.
 21137 | D:15     | Found an opulent altar of Gozag.
 21145 | D:15     | 21145 ||| SHOPLISTING +0 ring mail of the Stallion {rC+
                  | Will- rCorr SInv} (2360 gold, have 996).
 21326 | D:15     | Found a sacrificial altar of Ru.
 21383 | D:15     | 21383 ||| PLANNING ORC
 21383 | D:15     | 21383 ||| UPGRADING to +4 chain mail of the Cockatrice
                  | {Str+5 Slay-2}.
 21393 | D:15     | 21393 ||| DROPPING +0 plate armour.
 21519 | Orc:1    | Entered Level 1 of the Orcish Mines
 21758 | Orc:2    | Entered Level 2 of the Orcish Mines
 21760 | Orc:2    | Noticed Sonja
 21761 | Orc:2    | 21761 ||| INVOKING Finesse.
 21765 | Orc:2    | 21765 ||| INVOKING Heroism.
 21767 | Orc:2    | Noticed Urug
 21776 | Orc:2    | Killed Sonja
 21776 | Orc:2    | Received a gift from Okawaru
 21777 | Orc:2    | Reached skill level 14 in Shields
 21785 | Orc:2    | Killed Urug
 21846 | Orc:2    | 21846 ||| INVOKING Heroism.
 21890 | Orc:2    | 21890 ||| INVOKING Heroism.
 21907 | Orc:2    | Noticed an orc warlord
 21908 | Orc:2    | 21908 ||| INVOKING Finesse.
 21914 | Orc:2    | 21914 ||| DRINKING 13 potions of curing.
 21914 | Orc:2    | 21914 ||| (to cure confusion)
 21927 | Orc:2    | Reached skill level 15 in Shields
 21930 | Orc:2    | 21930 ||| DRINKING 12 potions of curing.
 21930 | Orc:2    | 21930 ||| (to cure confusion)
 21934 | Orc:2    | Killed an orc warlord
 21935 | Orc:2    | Reached XP level 16. HP: 51/101 MP: 19/23
 21945 | Orc:2    | 21945 ||| FLEEEEING.
 21947 | Orc:2    | 21947 ||| FLEEEEING.
 21948 | Orc:2    | 21948 ||| FLEEEEING.
 21949 | Orc:2    | 21949 ||| FLEEEEING.
 21950 | Orc:2    | 21950 ||| FLEEEEING.
 21951 | Orc:2    | 21951 ||| FLEEEEING.
 21952 | Orc:2    | 21952 ||| FLEEEEING.
 21953 | Orc:2    | 21953 ||| FLEEEEING.
 21954 | Orc:2    | 21954 ||| FLEEEEING.
 22131 | Orc:2    | 22131 ||| UPGRADING to +3 chain mail of fire resistance.
 22179 | Orc:2    | Noticed Josephine
 22180 | Orc:2    | 22180 ||| Stepping ~*~*~tactically~*~*~ (stealth).
 22182 | Orc:2    | 22182 ||| Stepping ~*~*~tactically~*~*~ (hiding).
 22210 | Orc:2    | Killed Josephine
 22210 | Orc:2    | Received a gift from Okawaru
 22264 | Orc:2    | 22264 ||| Stepping ~*~*~tactically~*~*~ (stealth).
 22265 | Orc:2    | 22265 ||| Stepping ~*~*~tactically~*~*~ (stealth).
 22268 | Orc:2    | 22268 ||| Stepping ~*~*~tactically~*~*~ (hiding).
 22288 | Orc:2    | 22288 ||| INVOKING Heroism.
 22332 | Orc:2    | 22332 ||| INVOKING Heroism.
 22340 | Orc:2    | Reached skill level 16 in Shields
 22365 | Orc:2    | 22365 ||| Stepping ~*~*~tactically~*~*~ (hiding).
 22393 | Orc:2    | 22393 ||| Stepping ~*~*~tactically~*~*~ (stealth).
 22394 | Orc:2    | 22394 ||| Stepping ~*~*~tactically~*~*~ (stealth).
 22402 | Orc:2    | Found Gargh's Antique Armour Emporium.
 22402 | Orc:2    | Found Serap's Assorted Antiques.
 22402 | Orc:2    | Found Ipuwihif's Jewellery Shoppe.
 22406 | Orc:2    | 22406 ||| Stepping ~*~*~tactically~*~*~ (hiding).
 22454 | Orc:2    | Found Pistroare's Book Shoppe.
 22456 | Orc:2    | 22456 ||| INVOKING Heroism.
 22472 | Orc:2    | 22472 ||| BUYING 2 potions of lignification (180 gold).
 22472 | Orc:2    | Bought 2 potions of lignification for 180 gold pieces
 22473 | Orc:2    | 22473 ||| BUYING cloak (94 gold).
 22473 | Orc:2    | Bought a cloak for 94 gold pieces
 22473 | Orc:2    | 22473 ||| BUYING fine helmet (199 gold).
 22473 | Orc:2    | Bought a fine helmet for 199 gold pieces
 22473 | Orc:2    | Identified the +2 helmet of Youthful Indiscretion {+Blink
                  | rF++ Stlth-} (You bought it in a shop on level 2 of the
                  | Orcish Mines)
 22475 | Orc:2    | 22475 ||| BUYING +5 ring of evasion (504 gold).
 22475 | Orc:2    | Bought a +5 ring of evasion for 504 gold pieces
 22475 | Orc:2    | 22475 ||| BUYING amulet of faith (560 gold).
 22475 | Orc:2    | Bought an amulet of faith for 560 gold pieces
 22475 | Orc:2    | 22475 ||| SHOPLISTING amulet of reflection (420 gold, have
                  | 232).
 22475 | Orc:2    | 22475 ||| SHOPLISTING amulet of the Futuristic God {Faith
                  | rC+ rN+ Int+2 Dex+2} (932 gold, have 232).
 22476 | Orc:2    | 22476 ||| Stepping ~*~*~tactically~*~*~ (hiding).
 22477 | Orc:2    | 22477 ||| Stepping ~*~*~tactically~*~*~ (hiding).
 22480 | Orc:2    | 22480 ||| Stepping ~*~*~tactically~*~*~ (hiding).
 22745 | Orc:2    | Found a staircase to the Elven Halls.
 22747 | Orc:2    | Found a shimmering altar of Xom.
 22766 | Orc:2    | 22766 ||| UPGRADING to +0 cloak.
 22771 | Orc:2    | 22771 ||| UPGRADING to +2 helmet of Youthful Indiscretion
                  | {+Blink rF++ Stlth-}.
 22781 | Orc:2    | 22781 ||| DROPPING +2 helmet.
 22782 | Orc:2    | 22782 ||| UPGRADING to +4 chain mail of the Cockatrice
                  | {Str+5 Slay-2}.
 22792 | Orc:2    | 22792 ||| UPGRADING to amulet of faith.
 22802 | Orc:2    | 22802 ||| DROPPING +6 ring of strength.
 22803 | Orc:2    | 22803 ||| UPGRADING to +5 ring of evasion.
 22805 | Orc:2    | 22805 ||| DROPPING ring of see invisible.
 22817 | Orc:1    | 22817 ||| INVOKING Heroism.
 22860 | Orc:1    | Found Juidd's Overcharged Wands.
 22873 | Orc:1    | 22873 ||| SHOPLISTING wand of digging (11) (693 gold, have
                  | 386).
 23204 | Orc:2    | 23204 ||| PLANNING SWAMP:1-3
 23353 | Swamp:1  | Entered Level 1 of the Swamp
 23368 | Swamp:1  | Reached skill level 3 in Dodging
 23434 | Swamp:1  | 23434 ||| Stepping ~*~*~tactically~*~*~ (stealth).
 23578 | Swamp:1  | 23578 ||| Stepping ~*~*~tactically~*~*~ (hiding).
 23692 | Swamp:1  | 23692 ||| INVOKING Heroism.
 23754 | Swamp:1  | 23754 ||| INVOKING Heroism.
 23762 | Swamp:1  | Received a gift from Okawaru
 23812 | Swamp:1  | 23812 ||| Stepping ~*~*~tactically~*~*~ (hiding).
 23814 | Swamp:1  | 23814 ||| Stepping ~*~*~tactically~*~*~ (cloud).
 23881 | Swamp:1  | 23881 ||| Stepping ~*~*~tactically~*~*~ (hiding).
 23882 | Swamp:1  | 23882 ||| Stepping ~*~*~tactically~*~*~ (hiding).
 23883 | Swamp:1  | 23883 ||| Stepping ~*~*~tactically~*~*~ (hiding).
 23884 | Swamp:1  | 23884 ||| INVOKING Heroism.
 24147 | Swamp:1  | 24147 ||| INVOKING Heroism.
 24154 | Swamp:1  | Received a gift from Okawaru
 24183 | Swamp:1  | 24183 ||| DROPPING amulet of magic regeneration.
 24211 | Swamp:2  | 24211 ||| INVOKING Heroism.
 24212 | Swamp:2  | 24212 ||| INVOKING Finesse.
 24217 | Swamp:2  | 24217 ||| SWAPPING to +2 war axe of flaming.
 24220 | Swamp:2  | 24220 ||| SWAPPING to +3 spectral war axe.
 24277 | Swamp:2  | Reached skill level 17 in Shields
 24364 | Swamp:2  | 24364 ||| Stepping ~*~*~tactically~*~*~ (stealth).
 24368 | Swamp:2  | 24368 ||| Stepping ~*~*~tactically~*~*~ (stealth).
 24379 | Swamp:2  | 24379 ||| INVOKING Heroism.
 24394 | Swamp:2  | 24394 ||| FLEEEEING.
 24395 | Swamp:2  | 24395 ||| FLEEEEING.
 24466 | Swamp:2  | 24466 ||| FLEEEEING.
 24467 | Swamp:2  | 24467 ||| FLEEEEING.
 24468 | Swamp:2  | 24468 ||| INVOKING Heroism.
 24481 | Swamp:2  | HP: 24/103 [ghost crab (2)]
 24482 | Swamp:2  | 24482 ||| READING 4 scrolls of teleportation.
 24483 | Swamp:2  | 24483 ||| DRINKING 7 potions of heal wounds.
 24487 | Swamp:2  | 24487 ||| Stepping ~*~*~tactically~*~*~ (cloud).
 24516 | Swamp:2  | 24516 ||| Stepping ~*~*~tactically~*~*~ (stealth).
 24517 | Swamp:2  | 24517 ||| Stepping ~*~*~tactically~*~*~ (stealth).
 24549 | Swamp:2  | 24549 ||| Stepping ~*~*~tactically~*~*~ (stealth).
 24556 | Swamp:2  | 24556 ||| INVOKING Heroism.
 24588 | Swamp:2  | 24588 ||| Stepping ~*~*~tactically~*~*~ (hiding).
 24589 | Swamp:2  | 24589 ||| Stepping ~*~*~tactically~*~*~ (hiding).
 24768 | Swamp:2  | 24768 ||| INVOKING Heroism.
 24909 | Swamp:2  | 24909 ||| Stepping ~*~*~tactically~*~*~ (hiding).
 24928 | Swamp:2  | 24928 ||| INVOKING Heroism.
 24929 | Swamp:2  | 24929 ||| INVOKING Finesse.
 24932 | Swamp:2  | Identified the +9 war axe of the Wraith {flame, rN+ Will+
                  | Str+2 Dex-2} (Okawaru gifted it to you on level 2 of the
                  | Swamp)
 24932 | Swamp:2  | Received a gift from Okawaru
 24975 | Swamp:2  | 24975 ||| DROPPING +2 war axe of flaming.
 25039 | Swamp:2  | 25039 ||| INVOKING Heroism.
 25273 | Swamp:3  | 25273 ||| INVOKING Heroism.
 25283 | Swamp:3  | 25283 ||| SWAPPING to +9 war axe of the Wraith {flame, rN+
                  | Will+ Str+2 Dex-2}.
 25285 | Swamp:3  | 25285 ||| STAIRDANCE
 25442 | Swamp:3  | 25442 ||| Stepping ~*~*~tactically~*~*~ (hiding).
 25460 | Swamp:3  | Reached XP level 17. HP: 85/109 MP: 24/24
 25465 | Swamp:3  | 25465 ||| FLEEEEING.
 25466 | Swamp:3  | 25466 ||| STAIRDANCE
 25563 | Swamp:3  | 25563 ||| Stepping ~*~*~tactically~*~*~ (hiding).
 25566 | Swamp:3  | 25566 ||| INVOKING Heroism.
 25567 | Swamp:3  | 25567 ||| INVOKING Finesse.
 25636 | Swamp:3  | 25636 ||| INVOKING Heroism.
 25887 | Swamp:3  | 25887 ||| INVOKING Heroism.
 26023 | Swamp:3  | 26023 ||| Stepping ~*~*~tactically~*~*~ (hiding).
 26024 | Swamp:3  | 26024 ||| Stepping ~*~*~tactically~*~*~ (hiding).
 26025 | Swamp:3  | 26025 ||| Stepping ~*~*~tactically~*~*~ (hiding).
 26026 | Swamp:3  | 26026 ||| Stepping ~*~*~tactically~*~*~ (hiding).
 26172 | Swamp:3  | 26172 ||| Stepping ~*~*~tactically~*~*~ (hiding).
 26173 | Swamp:3  | 26173 ||| Stepping ~*~*~tactically~*~*~ (hiding).
 26334 | Swamp:3  | 26334 ||| PLANNING SPIDER:1-3
 26334 | Swamp:3  | 26334 ||| DROPPING ring of willpower.
 26441 | Spider:1 | Entered Level 1 of the Spider Nest
 26450 | Spider:1 | 26450 ||| INVOKING Heroism.
 26451 | Spider:1 | 26451 ||| Stepping ~*~*~tactically~*~*~ (hiding).
 26452 | Spider:1 | 26452 ||| Stepping ~*~*~tactically~*~*~ (hiding).
 26458 | Spider:1 | Reached skill level 18 in Shields
 26465 | Spider:1 | Received a gift from Okawaru
 26483 | Spider:1 | 26483 ||| FLEEEEING.
 26484 | Spider:1 | 26484 ||| FLEEEEING.
 26485 | Spider:1 | 26485 ||| FLEEEEING.
 26486 | Spider:1 | 26486 ||| FLEEEEING.
 26487 | Spider:1 | 26487 ||| FLEEEEING.
 26489 | Spider:1 | 26489 ||| STAIRDANCE
 26755 | Spider:1 | 26755 ||| Stepping ~*~*~tactically~*~*~ (stealth).
 26885 | Spider:1 | 26885 ||| Stepping ~*~*~tactically~*~*~ (stealth).
 26936 | Spider:1 | 26936 ||| Stepping ~*~*~tactically~*~*~ (stealth).
 26938 | Spider:1 | 26938 ||| Stepping ~*~*~tactically~*~*~ (hiding).
 26949 | Spider:1 | 26949 ||| INVOKING Finesse.
 26952 | Spider:1 | Reached skill level 12 in Armour
 27143 | Spider:1 | 27143 ||| INVOKING Heroism.
 27169 | Spider:1 | 27169 ||| Stepping ~*~*~tactically~*~*~ (stealth).
 27171 | Spider:1 | 27171 ||| Stepping ~*~*~tactically~*~*~ (hiding).
 27172 | Spider:1 | 27172 ||| Stepping ~*~*~tactically~*~*~ (hiding).
 27173 | Spider:1 | 27173 ||| Stepping ~*~*~tactically~*~*~ (hiding).
 27174 | Spider:1 | 27174 ||| INVOKING Finesse.
 27433 | Spider:1 | 27433 ||| INVOKING Heroism.
 27446 | Spider:1 | 27446 ||| Stepping ~*~*~tactically~*~*~ (stealth).
 27447 | Spider:1 | 27447 ||| Stepping ~*~*~tactically~*~*~ (stealth).
 27454 | Spider:1 | Received a gift from Okawaru
 27472 | Spider:1 | Reached skill level 15 in Fighting
 27879 | Spider:1 | 27879 ||| DROPPING +0 cloak of stealth.
 27880 | Spider:1 | 27880 ||| DROPPING +4 ring of protection.
 27881 | Spider:1 | 27881 ||| READING 10 scrolls of identify.
 27881 | Spider:1 | 27881 ||| IDENTIFYING blue potion
 27882 | Spider:1 | 27882 ||| DROPPING potion of ambrosia.
 27964 | Spider:2 | 27964 ||| INVOKING Finesse.
 28069 | Spider:2 | 28069 ||| INVOKING Finesse.
 28126 | Spider:2 | 28126 ||| Stepping ~*~*~tactically~*~*~ (stealth).
 28128 | Spider:2 | 28128 ||| Stepping ~*~*~tactically~*~*~ (stealth).
 28139 | Spider:2 | 28139 ||| Stepping ~*~*~tactically~*~*~ (stealth).
 28231 | Spider:2 | 28231 ||| INVOKING Heroism.
 28305 | Spider:2 | 28305 ||| INVOKING Heroism.
 28456 | Spider:2 | 28456 ||| Stepping ~*~*~tactically~*~*~ (hiding).
 28515 | Spider:2 | 28515 ||| Stepping ~*~*~tactically~*~*~ (hiding).
 28538 | Spider:2 | 28538 ||| Stepping ~*~*~tactically~*~*~ (hiding).
 28660 | Spider:2 | You are sucked into a shaft and drop 1 floor!
 28801 | Spider:2 | 28801 ||| Stepping ~*~*~tactically~*~*~ (hiding).
 28870 | Spider:2 | 28870 ||| Stepping ~*~*~tactically~*~*~ (stealth).
 28874 | Spider:2 | 28874 ||| INVOKING Heroism.
 28922 | Spider:2 | 28922 ||| Stepping ~*~*~tactically~*~*~ (stealth).
 29078 | Spider:2 | 29078 ||| INVOKING Heroism.
 29153 | Spider:2 | 29153 ||| INVOKING Heroism.
 29202 | Spider:2 | Reached XP level 18. HP: 119/119 MP: 25/25
 29335 | Spider:2 | 29335 ||| Stepping ~*~*~tactically~*~*~ (stealth).
 29418 | Spider:3 | 29418 ||| STAIRDANCE
 29422 | Spider:3 | 29422 ||| STAIRDANCE
 29469 | Spider:3 | 29469 ||| STAIRDANCE
 29504 | Spider:3 | 29504 ||| Stepping ~*~*~tactically~*~*~ (stealth).
 29516 | Spider:3 | 29516 ||| INVOKING Finesse.
 29565 | Spider:3 | 29565 ||| Stepping ~*~*~tactically~*~*~ (stealth).
 29584 | Spider:3 | Received a gift from Okawaru
 29671 | Spider:3 | 29671 ||| INVOKING Heroism.
 29674 | Spider:3 | HP: 18/120 [disintegration (15)]
 29675 | Spider:3 | 29675 ||| READING 5 scrolls of teleportation.
 29676 | Spider:3 | 29676 ||| DRINKING 7 potions of heal wounds.
 29753 | Spider:3 | 29753 ||| INVOKING Heroism.
 29935 | Spider:3 | 29935 ||| INVOKING Heroism.
 30215 | Spider:3 | 30215 ||| FLEEEEING.
 30216 | Spider:3 | 30216 ||| FLEEEEING.
 30218 | Spider:3 | 30218 ||| FLEEEEING.
 30219 | Spider:3 | 30219 ||| FLEEEEING.
 30220 | Spider:3 | 30220 ||| FLEEEEING.
 30221 | Spider:3 | 30221 ||| FLEEEEING.
 30222 | Spider:3 | 30222 ||| FLEEEEING.
 30223 | Spider:3 | 30223 ||| FLEEEEING.
 30224 | Spider:3 | 30224 ||| FLEEEEING.
 30225 | Spider:3 | 30225 ||| FLEEEEING.
 30226 | Spider:3 | 30226 ||| FLEEEEING.
 30227 | Spider:3 | 30227 ||| FLEEEEING.
 30228 | Spider:3 | 30228 ||| FLEEEEING.
 30229 | Spider:3 | 30229 ||| STAIRDANCE
 30233 | Spider:3 | 30233 ||| STAIRDANCE
 30237 | Spider:3 | 30237 ||| STAIRDANCE
 30274 | Spider:3 | Received a gift from Okawaru
 30415 | Spider:3 | 30415 ||| Stepping ~*~*~tactically~*~*~ (stealth).
 30422 | Spider:3 | 30422 ||| INVOKING Heroism.
 30765 | Spider:3 | Reached skill level 19 in Shields
 31071 | Spider:3 | 31071 ||| PLANNING SWAMP:4
 31234 | Swamp:4  | Entered Level 4 of the Swamp
 31235 | Swamp:4  | 31235 ||| INVOKING Heroism.
 31264 | Swamp:4  | Received a gift from Okawaru
 31299 | Swamp:4  | 31299 ||| Stepping ~*~*~tactically~*~*~ (cloud).
 31338 | Swamp:4  | 31338 ||| Stepping ~*~*~tactically~*~*~ (hiding).
 31342 | Swamp:4  | 31342 ||| Stepping ~*~*~tactically~*~*~ (hiding).
 31345 | Swamp:4  | 31345 ||| Stepping ~*~*~tactically~*~*~ (hiding).
 31353 | Swamp:4  | 31353 ||| Stepping ~*~*~tactically~*~*~ (stealth).
 31424 | Swamp:4  | 31424 ||| Stepping ~*~*~tactically~*~*~ (stealth).
 31428 | Swamp:4  | 31428 ||| INVOKING Heroism.
 31440 | Swamp:4  | Received a gift from Okawaru
 31649 | Swamp:4  | 31649 ||| Stepping ~*~*~tactically~*~*~ (stealth).
 31662 | Swamp:4  | 31662 ||| Stepping ~*~*~tactically~*~*~ (hiding).
 31678 | Swamp:4  | 31678 ||| Stepping ~*~*~tactically~*~*~ (stealth).
 31693 | Swamp:4  | 31693 ||| Stepping ~*~*~tactically~*~*~ (stealth).
 31707 | Swamp:4  | Noticed a bone dragon
 31715 | Swamp:4  | 31715 ||| INVOKING Heroism.
 31723 | Swamp:4  | Killed a bone dragon
 31939 | Swamp:4  | Got a decaying rune of Zot
 32039 | Swamp:4  | 32039 ||| Stepping ~*~*~tactically~*~*~ (stealth).
 32060 | Swamp:4  | Received a gift from Okawaru
 32101 | Swamp:4  | 32101 ||| Stepping ~*~*~tactically~*~*~ (hiding).
 32290 | Swamp:4  | 32290 ||| Stepping ~*~*~tactically~*~*~ (stealth).
 32292 | Swamp:4  | 32292 ||| Stepping ~*~*~tactically~*~*~ (hiding).
 32294 | Swamp:4  | 32294 ||| Stepping ~*~*~tactically~*~*~ (hiding).
 32299 | Swamp:4  | 32299 ||| INVOKING Heroism.
 32319 | Swamp:4  | 32319 ||| Stepping ~*~*~tactically~*~*~ (hiding).
 32517 | Swamp:4  | 32517 ||| Stepping ~*~*~tactically~*~*~ (cloud).
 32677 | Swamp:4  | 32677 ||| PLANNING VAULTS:1-4
 32943 | Vaults:1 | Entered Level 1 of the Vaults
 33022 | Vaults:1 | 33022 ||| Stepping ~*~*~tactically~*~*~ (stealth).
 33068 | Vaults:1 | Found Bigrutus's Distillery.
 33076 | Vaults:1 | 33076 ||| BUYING potion of attraction (48 gold).
 33076 | Vaults:1 | Bought a potion of attraction for 48 gold pieces
 33076 | Vaults:1 | 33076 ||| BUYING potion of cancellation (128 gold).
 33076 | Vaults:1 | Bought a potion of cancellation for 128 gold pieces
 33076 | Vaults:1 | 33076 ||| BUYING potion of lignification (48 gold).
 33076 | Vaults:1 | Bought a potion of lignification for 48 gold pieces
 33076 | Vaults:1 | 33076 ||| BUYING potion of mutation (128 gold).
 33076 | Vaults:1 | Bought a potion of mutation for 128 gold pieces
 33087 | Vaults:1 | 33087 ||| Stepping ~*~*~tactically~*~*~ (stealth).
 33092 | Vaults:1 | 33092 ||| Stepping ~*~*~tactically~*~*~ (stealth).
 33256 | Vaults:1 | 33256 ||| Stepping ~*~*~tactically~*~*~ (hiding).
 33286 | Vaults:1 | 33286 ||| Stepping ~*~*~tactically~*~*~ (stealth).
 33293 | Vaults:1 | Received a gift from Okawaru
 33312 | Vaults:1 | 33312 ||| INVOKING Heroism.
 33318 | Vaults:1 | HP: 25/123 [vault warden/+1 vampiric glaive (34)]
 33319 | Vaults:1 | 33319 ||| READING 5 scrolls of teleportation.
 33319 | Vaults:1 | Mangled by a vault warden

Levels and vault maps discovered:
D:1:      co_arrival_square_in_a_square_in_a_square, layout_basic
D:2:      layout_basic, uniq_terence
D:3:      minmay_evil_eye, layout_loops_corners,
          mainiacjoe_overflow_six_doors_small, xom_redecorated,
          amethyst_killhole, uniq_robin, uniq_grinder
D:4:      layout_layer_cave, nicolae_overflow_crystal_walls,
          minmay_temple_entry_glass, serial_glass, glass_columns_a,
          glass_columns_b, glass_columns_a, glass_columns_c, uniq_pikel
D:5:      layout_basic, uniq_ijyb
D:6:      layout_loops_cross, mainiacjoe_overflow_small_starburst,
          lightli_corner_chamber
D:7:      layout_loops_corners, fedhas_bush_and_centaur_altar,
          kennysheep_slug_shrine, nicolae_sif_muna_little_library,
          lemuel_doored_altar, uniq_prince_ribbit1, uniq_duvessa
D:8:      layout_loops_ring, kennysheep_mini, kennysheep_little_box,
          bh_walls_and_bars
D:9:      layout_loops_ring, nicolae_vehumet_radiance
D:10:     layout_roguey, lemuel_coloured_pillars_altar, minmay_lair_entry_grove
D:11:     layout_loops_ring, david_orc_3, serial_shops, nicolae_diamond_shop,
          uniq_nergalle
D:12:     layout_irregular_city, small_chamber_with_monster
D:13:     layout_roguey, gammafunk_ghost_arena, trog_three_pillars_becter
D:14:     layout_basic, erik_vaults_1, serial_park_gazebo
          [serial_park_minivault_5x5_4], skrybe_limestone_x, zin_purify,
          uniq_louise
D:15:     grunt_enter_depths_giant_problem, layout_rooms,
          nicolae_ru_the_path_less_chosen, nicolae_gozag_zags_fifth_avenue
Lair:1:   layout_small_grid, st_stairs_9, uniq_gastronok
Lair:2:   layout_regular_city
Lair:3:   layout_long_grid, minmay_swamp_entry_worms, spider_nest_entry_webs,
          lemuel_fruit_fields
Lair:4:   layout_gridlike, minmay_slime_entry_oklob_open, beast_lair_carwin_3
Lair:5:   due_jungle_book, layout_gridlike, st_stairs_7,
          nicolae_lair_time_for_slime, grunt_megastairs_3
Swamp:1:  layout_basic_swamp, evilmike_swamp_ruin_house_3
Swamp:2:  layout_falls_marsh, nicolae_swamp_stair_fork, swamp_pool3,
          st_shrine_of_shade
Swamp:3:  layout_basic_swamp, nicolae_swamp_little_swirl
Swamp:4:  swamp_pestilence, layout_basic_swamp, grunt_hermit_hut
Spider:1: layout_chambers, nicolae_spider_solar_radiation
Spider:2: layout_cave_pods, hangedman_spider_tarantella_strand,
          nicolae_spider_cling_halls
Spider:3: layout_cave_pods
Orc:1:    layout_caves, nicolae_shop_overcharged_wands
Orc:2:    st_orc_mages, layout_caves, basic_altar, nicolae_orc_bridge_out,
          elf_legates, uniq_sonja, uniq_josephine, uniq_urug
Vaults:1: nicolae_vaults_ellipses_ellipsis, v_alt_pattern_4,
          nicolae_vaults_hexular_roomagon, vaults_mumra_bighexcomb,
          ontoclasm_vaults_chip, v_alt_pattern_6, nicolae_vaults_trapezoid_1,
          vaults_room_grid, vaults_room_pool, nicolae_vaults_closet_pinwheel_4,
          nicolae_vaults_trapezoid_lopsided_1, layout_vaults_omnicross,
          serial_shops, shop

Skill      XL: |  1  2  3  4  5  6  7  8  9 10 11 12 13 14 15 16 17 18 |
---------------+-------------------------------------------------------+-----
Axes           | 2 3 6 8 10 11 12 14 15 16 | 16.0
Invocations    | 2 4 5 8 10 | 10.0
Fighting       | 4 6 7 8 9 10 11 12 13 15 17 | 17.0
Dodging        | 1 2 3 |  3.1
Throwing       | 1 5 6 7 |  7.7
Armour         | 5 7 9 10 11 13 14 | 14.0
Shields        | 4 8 10 11 12 15 17 18 19 | 19.2

Action                     |  1- 3 |  4- 6 |  7- 9 | 10-12 | 13-15 | 16-18 || total
---------------------------+-------+-------+-------+-------+-------+-------++-------
  Melee: War axe           |    64 |   139 |   177 |   523 |   831 |  1383 ||  3117
         Morningstar       |       |       |       |       |    40 |       ||    40
  Throw: Boomerang         |       |     3 |    24 |    27 |    33 |    14 ||   101
         Javelin           |       |       |       |       |    70 |   198 ||   268
 Invoke: Heroism           |       |     4 |    11 |    21 |    36 |    36 ||   108
         Finesse           |       |       |       |       |     9 |     8 ||    17
    Use: Scroll            |     4 |     7 |     6 |     6 |     7 |     4 ||    34
         Potion            |     1 |     1 |     7 |     1 |     3 |     2 ||    15
   Stab: Distracted        |       |       |       |       |    12 |     6 ||    18
 Armour: Scale mail        |    30 |   109 |    78 |       |       |       ||   217
         Chain mail        |       |       |    48 |   156 |    21 |   416 ||   641
         Plate armour      |       |       |       |   187 |   265 |       ||   452
  Dodge: Dodged            |    19 |    82 |   110 |   201 |   228 |   550 ||  1190
  Block: Buckler           |    12 |    31 |    48 |    24 |       |       ||   115
         Kite shield       |       |       |       |   215 |   285 |       ||   500
         Tower shield      |       |       |       |       |   117 |  1008 ||  1125

Table legend:
 A = Non-vault XP
 B = Vault XP
 C = Vault XP percentage of total XP
 D = Non-vault monster count
 E = Vault monster count
 F = Vault count percentage of total count
                 A         B        C        D         E       F
            +---------+---------+-------+---------+---------+-------
      Total |  230239 |   71931 |  23.8 |     793 |     223 |  21.9
            +---------+---------+-------+---------+---------+-------
        D:1 |      33 |       0 |   0.0 |      21 |       0 |   0.0
        D:2 |      68 |      36 |  34.6 |      17 |       1 |   5.6
        D:3 |      47 |     340 |  87.9 |      11 |      14 |  56.0
        D:4 |     716 |     593 |  45.3 |      26 |       1 |   3.7
        D:5 |     762 |      36 |   4.5 |      21 |       1 |   4.5
        D:6 |    1992 |       0 |   0.0 |      22 |       0 |   0.0
        D:7 |    1310 |     607 |  31.7 |      31 |       5 |  13.9
        D:8 |    2853 |       0 |   0.0 |      26 |       0 |   0.0
        D:9 |    1624 |       0 |   0.0 |      17 |       0 |   0.0
       D:10 |    1312 |    1815 |  58.0 |      11 |      13 |  54.2
       D:11 |    7346 |    1010 |  12.1 |      15 |       8 |  34.8
       D:12 |    4661 |     869 |  15.7 |      21 |       1 |   4.5
       D:13 |    5033 |       0 |   0.0 |      18 |       0 |   0.0
       D:14 |    5724 |    2834 |  33.1 |      16 |       3 |  15.8
       D:15 |   14440 |    1092 |   7.0 |      30 |       1 |   3.2
     Lair:1 |    5236 |    2125 |  28.9 |      24 |       4 |  14.3
     Lair:2 |    4391 |       0 |   0.0 |      22 |       0 |   0.0
     Lair:3 |    6271 |     733 |  10.5 |      18 |       3 |  14.3
     Lair:4 |   15819 |    1477 |   8.5 |      38 |       4 |   9.5
     Lair:5 |    8474 |   16131 |  65.6 |      19 |      38 |  66.7
    Swamp:1 |   14251 |       0 |   0.0 |      30 |       0 |   0.0
    Swamp:2 |   12841 |    7178 |  35.9 |      20 |      11 |  35.5
    Swamp:3 |   14973 |       0 |   0.0 |      28 |       0 |   0.0
    Swamp:4 |   11773 |   12401 |  51.3 |      20 |      38 |  65.5
   Spider:1 |   17779 |    3929 |  18.1 |      48 |       5 |   9.4
   Spider:2 |   30624 |     260 |   0.8 |      79 |       1 |   1.2
   Spider:3 |   17767 |       0 |   0.0 |      39 |       0 |   0.0
      Orc:1 |    1718 |       0 |   0.0 |      18 |       0 |   0.0
      Orc:2 |    7471 |   16183 |  68.4 |      69 |      67 |  49.3
   Vaults:1 |   12930 |    2282 |  15.0 |      18 |       4 |  18.2
            +---------+---------+-------+---------+---------+-------
